 Dungeon Crawl Stone Soup version 0.28-a0-268-g3f656e82c2 (webtiles) character file.

Game seed: 15754084190454101984

242 Whiskey the Shield-Bearer (level 6, -2/49 HPs)
             Began as a Formicid Fighter on Aug 28, 2021.
             Slain by Pikel (3 damage)
             ... on level 3 of the Dungeon.
             The game lasted 00:08:35 (3806 turns).

Whiskey the Shield-Bearer (Formicid Fighter)        Turns: 3806, Time: 00:08:35

Health: -2/49      AC:  7    Str: 29    XL:     6   Next: 30%
Magic:  6/6        EV:  8    Int:  7    God:
Gold:   55         SH:  8    Dex: 10    Spells: 5/5 levels left

rFire   . . .      SeeInvis +   i - +1 spear (flame)
rCold   . . .      Faith    .   c - +0 kite shield
rNeg    . . .      Spirit   .   b - +0 scale mail
rPois   .          Reflect  .   (helmet unavailable)
rElec   .          Harm     .   (no cloak)
rCorr   .          Rampage  .   (no gloves)
Will    .....                   (no boots)
Stlth   ..........              (no amulet)
HPRegen 0.16/turn               j - +6 ring of strength
MPRegen 0.10/turn               (no ring)

@: no status effects
A: permanent stasis, dig shafts and tunnels, antennae 3, four strong arms
a: Dig, Shaft Self


You were on level 3 of the Dungeon.
You visited 1 branch of the dungeon, and saw 4 of its levels.

You collected 55 gold pieces.

Inventory:

Hand Weapons
 a - a +0 war axe
 i - a +1 spear of flaming (weapon)
   (You found it on level 2 of the Dungeon)
Armour
 b - a +0 scale mail (worn)
 c - a +0 kite shield (worn)
Jewellery
 j - a +6 ring of strength (left hand)
   (You found it on level 2 of the Dungeon)
 l - a ring of magical power {MP+9}
   (You found it on level 3 of the Dungeon)
Scrolls
 d - a scroll of teleportation {unknown}
 k - a scroll of holy word {unknown}
Potions
 e - a potion of curing
 f - a potion of berserk rage {unknown}
 g - 2 potions of haste


   Skills:
 + Level 4.6 Fighting
 + Level 3.4 Axes
 + Level 4.6 Armour
 + Level 5.0 Shields


You had 5 spell levels left.
You didn't know any spells.
Your spell library was empty.

Dungeon Overview and Level Annotations

Branches:
Dungeon (4/15)
 Temple: D:4-7

Altars:

Shops:
D:1 !   D:2 (   D:3 [*=?(

Annotations:
D:3 Pikel


Innate Abilities, Weirdness & Mutations

You cannot be hasted, slowed, berserked, paralysed or teleported.
You can dig through walls and to a lower floor.
You have a pair of large antennae on your head. (SInv)
Your four strong arms can wield two-handed weapons with a shield.


Message History

No target in view!
No target in view!
No target in view!
No target in view!
No target in view!
No target in view!
No target in view!
No target in view!
Items here: ))) [[ †.
You start resting.
Health restored: 49
There is an entrance to Elushrebi's Armour Emporium here.
Items here: ))) [[ †.
There is an entrance to Yxkihui's Assorted Antiques here.
Done exploring.
Done exploring.
There is a stone staircase leading down here.
You climb downwards.
Pikel shouts!
The lemure shouts! x2; You hear a shout!
There is a stone staircase leading up here.
An orc comes into view. It is wielding a +0 whip.
Pikel hits you with a +2 whip of freezing!
Pikel freezes you.
You climb upwards.
There is a stone staircase leading down here.
You take 7 damage, and have 42/49 hp.
You barely miss Pikel.
Pikel hits you with a +2 whip of freezing!
Pikel freezes you.
You take 9 damage, and have 33/49 hp.
You closely miss Pikel. You block Pikel's attack.
Pikel hits you with a +2 whip of freezing!
Pikel freezes you.
You take 10 damage, and have 23/49 hp.
MASSIVE DAMAGE!!
You are too injured to fight recklessly!
You are too injured to fight recklessly!
You are too injured to fight recklessly!
You are too injured to fight recklessly!
You are too injured to fight recklessly!
You are too injured to fight recklessly!
You are too injured to fight recklessly!
You are too injured to fight recklessly!
You are too injured to fight recklessly!
You are too injured to fight recklessly!
You are too injured to fight recklessly!
You are too injured to fight recklessly!
You are too injured to fight recklessly!
You are too injured to fight recklessly!
You are too injured to fight recklessly!
You are too injured to fight recklessly!
You are too injured to fight recklessly!
You are too injured to fight recklessly!
You miss Pikel. You block Pikel's attack.
Okay, then.
Okay, then.
Your shield and scale mail prevent you from hitting Pikel.
Pikel hits you with a +2 whip of freezing!
Pikel freezes you.
* * * LOW HITPOINT WARNING * * *
Pikel hits you with a +2 whip of freezing.
* * * LOW HITPOINT WARNING * * *
Pikel freezes you.
* * * LOW HITPOINT WARNING * * *
You take 14 damage, and have 9/49 hp.
MASSIVE DAMAGE!!
Your scale mail prevents you from hitting Pikel.
You block Pikel's attack.
You feel better. You block Pikel's attack.
You regained 7 hp, and now have 18/49 hp.
Okay, then.
Your +1 spear of flaming bursts into flame!
i - a +1 spear of flaming (weapon)
You closely miss Pikel.
Pikel hits you with a +2 whip of freezing.
Pikel freezes you. Pikel completely misses you.
You take 3 damage, and have 15/49 hp.
You hit Pikel. You burn Pikel.
Pikel hits you with a +2 whip of freezing!
* * * LOW HITPOINT WARNING * * *
Pikel freezes you.
* * * LOW HITPOINT WARNING * * *
You take 10 damage, and have 5/49 hp.
MASSIVE DAMAGE!!
You feel better. You block Pikel's attack.
You regained 11 hp, and now have 16/49 hp.
Your scale mail prevents you from hitting Pikel.
Pikel hits you with a +2 whip of freezing.
* * * LOW HITPOINT WARNING * * *
Pikel freezes you.
* * * LOW HITPOINT WARNING * * *
You take 7 damage, and have 9/49 hp.
You hit Pikel. You burn Pikel.
Pikel hits you with a +2 whip of freezing.
* * * LOW HITPOINT WARNING * * *
Pikel freezes you.
* * * LOW HITPOINT WARNING * * *
You take 6 damage, and have 3/49 hp.
You feel better.
Pikel hits you with a +2 whip of freezing!
* * * LOW HITPOINT WARNING * * *
Pikel freezes you.
You die...

#.# #.# #.##########.#
########..........#.## ####
#..................... #..#
#################...## #8.#
####### ###.## #..# #.....# #.##
#<.######.###.############.##
#..........K@................
#∩........###.############...
#.#>...........## #...
#8........###.[.# #...
#.........# #.#.###### #...
#.+.......# #........# ###'
###...)...######.###.# #. ##
#...............##.#######.
.########.#########............#.


You could see Pikel.

Vanquished Creatures
  A bullfrog skeleton (D:2)
  A hound (D:3)
  An iguana (D:3)
  An orc wizard (D:3)
  A gnoll (D:1)
  5 adders
  An adder skeleton (D:2)
  5 orcs (D:3)
  4 endoplasms
  5 giant cockroaches
  6 goblins
  9 hobgoblins
  3 quokkas (D:1)
  5 ball pythons
  8 bats
  3 frilled lizards
  2 kobolds
  6 rats
67 creatures vanquished.

Notes
Turn   | Place    | Note
-------+----------+-------------------------------------------
     0 | D:1      | Whiskey the Formicid Fighter began the quest for the Orb.
     0 | D:1      | Reached XP level 1. HP: 18/18 MP: 1/1
   115 | D:1      | HP: 4/18 [gnoll (4)]
   117 | D:1      | Reached XP level 2. HP: 5/24 MP: 2/2
   750 | D:1      | Reached XP level 3. HP: 29/29 MP: 3/3
   753 | D:1      | Reached skill level 4 in Shields
   904 | D:1      | Found Faekeagu's Distillery.
  1394 | D:2      | Found Vawuper's Weapon Shoppe.
  1463 | D:2      | Reached XP level 4. HP: 32/37 MP: 4/4
  2036 | D:2      | Reached skill level 4 in Fighting
  2362 | D:2      | Reached skill level 4 in Armour
  2362 | D:2      | Reached XP level 5. HP: 24/42 MP: 5/5
  2563 | D:2      | Found a faded altar of an unknown god.
  2802 | D:3      | Found Curchirat's Jewellery Shoppe.
  2808 | D:3      | Reached skill level 3 in Axes
  2899 | D:3      | Found Gutroubb's Magic Scroll Boutique.
  2958 | D:3      | HP: 9/42 [iguana (6)]
  3276 | D:3      | Reached XP level 6. HP: 19/49 MP: 6/6
  3527 | D:3      | Found Kycleyxt's Weapon Emporium.
  3617 | D:3      | Found Yxkihui's Assorted Antiques.
  3650 | D:3      | Found Elushrebi's Armour Emporium.
  3672 | D:3      | Reached skill level 5 in Shields
  3774 | D:4      | Noticed Pikel
  3784 | D:3      | HP: 10/49 [Pikel (4)]
  3802 | D:3      | HP: 8/49 [Pikel (8)]
  3805 | D:3      | HP: 3/49 [Pikel (2)]
  3806 | D:3      | HP: 1/49 [Pikel (8)]
  3806 | D:3      | Slain by Pikel

Illustrated notes

Levels and vault maps discovered:
D:1:      minmay_arrival_open_corners, layout_basic, serial_shops, shop
D:2:      layout_loops_corners, dilly_ecumenical_altar_fadedgnrine,
          serial_shops, nicolae_shop_trees, chequers_garden
D:3:      layout_basic, serial_shops, shop, shop, nicolae_shop_statue_plus,
          nicolae_shop_crystal, shop_statue
D:4:      layout_cave_pods, uniq_pikel, uniq_robin

Skill      XL: |  1  2  3  4  5  6 |
---------------+-------------------+-----
Shields        | 4 5 |  5.0
Fighting       | 4 |  4.6
Armour         | 4 |  4.6
Axes           | 3 |  3.4

Action                   |  1- 3 |  4- 6 || total
-------------------------+-------+-------++-------
Melee: War axe           |    88 |   122 ||   210
       Spear             |       |     4 ||     4
  Use: Potion            |       |     5 ||     5
       Scroll            |       |     1 ||     1
Armor: Scale mail        |    53 |    49 ||   102
Dodge: Dodged            |    31 |    32 ||    63
Block: Kite shield       |    57 |    71 ||   128

Table legend: (Time is in decaauts)
 A = Elapsed time spent in this place.
 B = Non-inter-level travel time spent in this place.
 C = Inter-level travel time spent in this place.
 D = Time resting spent in this place.
 E = Time spent auto-exploring this place.
 F = Levels seen in this place.
 G = Mean time per level.
                   A        B        C        D        E       F      G
               +--------+--------+--------+--------+--------+-----+--------+
         Total |   3916 |   3878 |     38 |    683 |   2613 |   4 |  979.0 |
       Dungeon |   3916 |   3878 |     38 |    683 |   2613 |   4 |  979.0 |
               +--------+--------+--------+--------+--------+-----+--------+

Top non-repeatable levels by time:
     D:1: 1363 daAuts
     D:2: 1284 daAuts
     D:3: 1262 daAuts
     D:4: 5 daAuts

Table legend:
 A = Kills in this place as a percentage of kills in entire the game.
 B = Kills by you in this place as a percentage of kills by you in the entire game.
 C = Kills by friends in this place as a percentage of kills by friends in the entire game.
 D = Other kills in this place as a percentage of other kills in the entire game.
 E = Experience gained in this place as a percentage of experience gained in the entire game.
 F = Experience gained in this place divided by the number of levels of this place that you have seen.
                   A       B       C       D       E      F
               +-------+-------+-------+-------+-------+----------------------
         Total | 100.0 | 100.0 |   N/A |   N/A | 100.0 |  86.5
       Dungeon | 100.0 | 100.0 |   N/A |   N/A | 100.0 |  86.5
               +-------+-------+-------+-------+-------+----------------------
